cohdb
Replays
Latest Replays
All Replays
Popular Replays
Top Player Replays
Match Explorer
How It Works
Community
CoH3 Stats
Reddit
Sign in to upload your games and track your stats! →
Sign in with Steam
Match 41135712
Unlisted
Match 41135712
Overview
Messages
Build Orders
End
Kradschützen Motorcycle Team
Panzergrenadier Squad
Panzergrenadier Squad
Panzergrenadier Squad
Selects Battlefield Espionage Battlegroup
Construct Light Support Kompanie
Fire Support Elements
Flakvierling Half-track
Vehicle Survival Package
Selects 250/3 Funkpanzerwagen
Selects Anti-Tank Incendiary Munitions
Pak 38 Mechanized Group
Construct Panzerarmee Kommand
Panzerpioneer Squad
Walking Stuka Rocket Launcher
Pak 38 Mechanized Group
Panzer III L Medium Tank
Selects Intel Disruption Beacon
Selects Plunder
Selects Disruption Operation
Panzer III L Medium Tank
Emergency Repair Kits
Disruption Operation
Pak 38 Mechanized Group
nub
FutureNP
CAuMOH
Asuka top soska>З
0
0
Comments
sign in to comment!
No comments posted yet!